 Dungeon Crawl Stone Soup version 0.19-a0-1815-g4007336 (webtiles) character file.

5974 KarmaPolice the Jinx (level 10, -4/73 HPs)
             Began as a Vampire Enchanter on Oct 6, 2016.
             Was a Priest of Kikubaaqudgha.
             Killed from afar by an electric eel (7 damage)
             ... with a bolt of electricity
             ... on level 10 of the Dungeon.
             The game lasted 00:50:28 (14720 turns).

KarmaPolice the Jinx (Vampire Enchanter)           Turns: 14720, Time: 00:50:29

Health: -4/73      AC:  3    Str:  9    XL:     10   Next: 55%
Magic:  0/19       EV: 13    Int: 18    God:    Kikubaaqudgha [***...]
Gold:   376        SH:  0    Dex: 20    Spells: 6 memorised, 6 levels left

rFire  . . .     SeeInvis +     a - +1 dagger
rCold  . . .     Gourm    .     D - +0 robe {MR+}
rNeg   + . .     Faith    .     (no shield)
rPois  .         Spirit   +     u - +0 helmet
rElec  .         Dismiss  .     (no cloak)
rCorr  .         Reflect  .     (no gloves)
MR     ++...     Harm     .     (no boots)
Stlth  +++++.....               j - amulet of guardian spirit
                                m - ring of wizardry
                                l - +4 ring of dexterity

@: no status effects
A: fangs 3, see invisible, unbreathing
a: Bat Form, Receive Corpses, Renounce Religion


You were on level 10 of the Dungeon.
You worshipped Kikubaaqudgha.
Kikubaaqudgha was most pleased with you.
You were not thirsty.

You visited 2 branches of the dungeon, and saw 11 of its levels.

You collected 560 gold pieces.
You spent 184 gold pieces at shops.

Inventory:

Hand Weapons
 a - a +1 dagger (weapon)
Armour
 p - a +1 robe
 u - a +0 helmet (worn)
 D - a +0 robe of magic resistance (worn)
 E - a +0 shield
 N - a troll hide
Jewellery
 j - an amulet of guardian spirit (around neck)
 l - a +4 ring of dexterity (left hand)
 m - a ring of wizardry (right hand)
 F - an uncursed ring of resist corrosion
 G - an uncursed ring of stealth {unknown}
 H - a +3 ring of slaying {unknown}
Wands
 I - a wand of acid (9/15)
 K - a wand of disintegration (24/24)
Scrolls
 f - 2 scrolls of blinking {unknown}
 g - a scroll of noise {unknown}
 h - 3 scrolls of identify
 i - a scroll of amnesia
 n - 3 scrolls of remove curse
 q - a scroll of random uselessness {unknown}
 r - 3 scrolls of teleportation {unknown}
 s - 2 scrolls of fear {unknown}
 t - a scroll of enchant armour {unknown}
 v - a scroll of magic mapping {unknown}
 y - 2 scrolls of recharging
 L - a scroll of holy word {unknown}
Potions
 b - a potion of curing
 d - 28 potions of blood
 k - a potion of heal wounds {unknown}
 o - a potion of resistance {unknown}
 w - 2 potions of ambrosia {unknown}
 x - 5 potions of agility
 z - a potion of cancellation {unknown}
 B - a potion of magic {unknown}
 C - 2 potions of lignification {unknown}
 J - a potion of flight
Books
 c - a book of Maledictions

   Spells                             Type                      Level
   a - Corona                         Hexes                        1
   b - Ensorcelled Hibernation        Hexes/Ice                    2
   c - Confuse                        Hexes                        3
   d - Tukima's Dance                 Hexes                        3
   e - Dazzling Spray                 Conjuration/Hexes            3
 e - Kikubaaqudgha's Collected Works on Stolen Souls
   (Kikubaaqudgha gifted it to you on level 6 of the Dungeon)

   Spells                             Type                      Level
   a - Pain                           Necromancy                   1
   b - Corpse Rot                     Necromancy                   2
   c - Sublimation of Blood           Necromancy                   2
   d - Regeneration                   Charms/Necromancy            3
   e - Control Undead                 Necromancy                   4
 A - a book of Misfortune

   Spells                             Type                      Level
   a - Confusing Touch                Hexes                        1
   b - Confuse                        Hexes                        3
   c - Gell's Gravitas                Hexes/Translocation          3
   d - Petrify                        Transmutation/Earth          4
   e - Metabolic Englaciation         Hexes/Ice                    5
   f - Yara's Violent Unravelling     Hexes/Transmutation          5
Miscellaneous
 M - a lamp of fire


   Skills:
 + Level 4.6 Fighting
 + Level 8.7 Short Blades
 - Level 2.1 Dodging
 + Level 10.0 Stealth
 - Level 6.2 Spellcasting
 - Level 10.0 Hexes
 + Level 4.9 Necromancy
 - Level 5.0 Ice Magic


You had 6 spell levels left.
You knew the following spells:

 Your Spells              Type           Power        Failure   Level  Hunger
a - Corona                Hex            #####..      1%          1    None
b - Confuse               Hex            #####...     1%          3    ##.....
c - Ensorcelled Hibernat  Hex/Ice        ####..       1%          2    None
d - Tukima's Dance        Hex            #####...     1%          3    ##.....
e - Dazzling Spray        Conj/Hex       ###...       1%          3    ##.....
f - Regeneration          Chrm/Necr      ##........   6%          3    ##.....


Dungeon Overview and Level Annotations

Branches:
Dungeon (10/15)            Temple (1/1) D:6
   Lair: D:8-11         Orc: D:9-12

Altars:
Ashenzari
Cheibriados
Dithmenos
Elyvilon
Fedhas
Gozag
Hepliaklqana
Kikubaaqudgha
Makhleb
Nemelex Xobeh
Okawaru
Qazlal
Ru
Sif Muna
Trog
Uskayaw
Vehumet
Xom
Yredelemnul
Zin
The Shining One

Shops:
D:7 =   D:8 }[   D:9 *!


Innate Abilities, Weirdness & Mutations

You have razor-sharp teeth.
You have supernaturally acute eyesight. (SInv)
You can survive without breathing.


Message History

* * * LOW HITPOINT WARNING * * *
The wyvern zombie bites you.
* * * LOW HITPOINT WARNING * * *
Unknown command.
Okay, then.
Okay, then.
You don't have enough magic at the moment.
Okay, then.
You feel better. The ice beast barely misses you. The wyvern zombie bites you.
* * * LOW HITPOINT WARNING * * *
A wyvern zombie comes into view.
You feel better.
The wyvern zombie moves out of view.
The wyvern zombie bites you!
* * * LOW HITPOINT WARNING * * *
The ice beast misses you.
A bullfrog comes into view.
The electric eel shoots out a bolt of lightning at you!
The bolt of electricity hits you!
You die...
Kikubaaqudgha rasps: "You have failed me!
Welcome... oblivion!"

≈≈≈≈≈≈≈≈≈≈≈≈≈≈≈≈C
≈≈≈≈≈≈≈≈≈≈≈≈≈≈≈≈≈≈
≈≈≈≈≈≈≈≈≈≈≈≈≈≈≈≈≈≈
≈≈≈≈≈≈≈≈≈≈≈≈≈≈≈≈≈≈
≈≈≈≈≈≈≈≈≈≈≈≈≈≈≈≈≈≈≈
≈≈≈≈≈≈≈≈≈;≈≈≈≈≈≈≈≈≈≈
≈≈≈≈≈.........:.≈≈≈≈≈≈≈≈
................Y[......
...............Z@.......
.....................(.%
..........#.............
....# #.....$...........
....####...........###..
.........#.........# F
..<..##...>..####....
............###. .##.
................. .


You could see an ice beast, a bullfrog (sleeping), an electric eel and a wyvern
zombie.

Vanquished Creatures
  A hill giant (D:10)
  A hornet (D:9)
  A troll (D:10)
  Prince Ribbit (D:6)
  A hippogriff (D:9)
  A wyvern (D:9)
  2 dancing weapons (D:10)
  A water moccasin (D:7)
  5 orc warriors
  2 ice beasts (D:9)
  2 sky beasts
  9 ogres
  3 centaurs
  8 bullfrogs
  A water moccasin zombie (D:5)
  3 scorpions (D:4)
  4 wights (D:6)
  A howler monkey (D:6)
  2 electric eels (D:10)
  A centaur zombie (D:10)
  2 bullfrog zombies
  A quasit (D:7)
  2 jellies
  A bullfrog skeleton (D:9)
  7 hounds
  7 orc priests
  Jessica (D:2)
  Ijyb (D:3)
  Natasha (twice) (D:2)
  2 iguanas
  8 orc wizards
  6 worker ants
  2 hound skeletons
  A worker ant zombie (D:7)
  3 gnolls (D:5)
  9 river rats (D:5)
  14 adders
  5 shadow imps
  An ooze (D:2)
  An adder skeleton (D:6)
  3 worms
  2 dart slugs (D:1)
  12 leopard geckos
  49 orcs
  7 giant cockroaches
  9 goblins
  2 hobgoblins
  7 kobolds
  6 quokkas
  A ball python (D:2)
  7 bats
  5 frilled lizards
  A quokka zombie (D:9)
  31 rats
268 creatures vanquished.

Vanquished Creatures (collateral kills)
  An orc warrior (D:9)
  A wight (D:6)
2 creatures vanquished.

Grand Total: 270 creatures vanquished

Notes
Turn   | Place    | Note
-------+----------+-------------------------------------------
     0 | D:1      | KarmaPolice the Vampire Enchanter began the quest for the Orb.
     0 | D:1      | Reached XP level 1. HP: 13/13 MP: 3/3
   435 | D:1      | Reached XP level 2. HP: 19/19 MP: 5/5
  1195 | D:2      | Reached skill level 5 in Stealth
  1195 | D:2      | Reached skill level 5 in Hexes
  1291 | D:2      | Reached XP level 3. HP: 21/24 MP: 6/6
  1430 | D:2      | Noticed Jessica
  1488 | D:1      | Learned a level 3 spell: Confuse
  1491 | D:1      | Learned a level 2 spell: Ensorcelled Hibernation
  1991 | D:2      | Killed Jessica
  1991 | D:2      | Reached XP level 4. HP: 22/30 MP: 1/8
  2180 | D:2      | Noticed Natasha
  2189 | D:2      | Killed Natasha
  2565 | D:2      | Noticed Natasha
  2574 | D:2      | Killed Natasha
  2574 | D:2      | Reached XP level 5. HP: 31/35 MP: 4/9
  2887 | D:3      | Found a faded altar of an unknown god.
  2888 | D:3      | Noticed Ijyb
  2894 | D:3      | Killed Ijyb
  4403 | D:4      | Reached XP level 6. HP: 41/41 MP: 11/11
  5598 | D:4      | Reached XP level 7. HP: 46/46 MP: 7/13
  5661 | D:4      | You fall through a shaft for 2 floors!
  5719 | D:5      | Entered Level 5 of the Dungeon
  7557 | D:5      | Reached XP level 8. HP: 21/52 MP: 15/15
  7603 | D:5      | Reached skill level 1 in Ice Magic
  7726 | D:5      | Reached skill level 5 in Short Blades
  7765 | D:5      | Learned a level 3 spell: Tukima's Dance
  7769 | D:5      | Learned a level 3 spell: Dazzling Spray
  8795 | D:5      | Reached skill level 5 in Spellcasting
  8951 | D:6      | Found a staircase to the Ecumenical Temple.
  8969 | Temple   | Entered the Ecumenical Temple
  9017 | Temple   | Became a worshipper of Kikubaaqudgha
  9465 | D:6      | Noticed Prince Ribbit
  9475 | D:6      | Killed Prince Ribbit
 10097 | D:6      | Reached XP level 9. HP: 45/61 MP: 3/17
 10541 | D:6      | Reached * piety under Kikubaaqudgha
 10541 | D:6      | Identified Kikubaaqudgha's Collected Works on Stolen Souls (Kikubaaqudgha gifted it to you on level 6 of the Dungeon)
 10541 | D:6      | Received a gift from Kikubaaqudgha
 11527 | D:7      | Found Ditefis's Jewellery Emporium.
 11757 | D:8      | Found Ubristeump's Quality Used Wands.
 11807 | D:8      | Reached skill level 10 in Hexes
 11950 | D:8      | Learned a level 3 spell: Regeneration
 12024 | D:8      | Found Popt's Armour Emporium.
 12178 | D:8      | Reached skill level 1 in Necromancy
 12749 | D:9      | Found Saolaloq's General Store.
 12754 | D:9      | Bought a scroll of immolation for 56 gold pieces
 12754 | D:9      | Bought a potion of agility for 64 gold pieces
 13207 | D:9      | Found Uhymuss's Distillery.
 13214 | D:9      | Bought a potion of degeneration for 16 gold pieces
 13214 | D:9      | Bought a potion of flight for 48 gold pieces
 13227 | D:9      | Reached skill level 5 in Ice Magic
 13227 | D:9      | Reached XP level 10. HP: 70/70 MP: 19/19
 13250 | D:9      | Reached ** piety under Kikubaaqudgha
 13778 | D:10     | Entered Level 10 of the Dungeon
 13790 | D:10     | Noticed a hill giant
 13821 | D:10     | Killed a hill giant
 14712 | D:10     | Reached *** piety under Kikubaaqudgha
 14712 | D:10     | Identified Kikubaaqudgha's Papyrus of Sinister Rituals (Kikubaaqudgha gifted it to you on level 10 of the Dungeon)
 14712 | D:10     | Received a gift from Kikubaaqudgha
 14716 | D:10     | Reached skill level 10 in Stealth
 14717 | D:10     | Noticed a hill giant
 14717 | D:10     | HP: 3/73 [wyvern zombie (5)]
 14720 | D:10     | Killed from afar by an electric eel

Vault maps used:
D:1:      minmay_arrival_diagonal_passages, minmay_misc_feat_nine_boxes,
          grunt_decor_fettered
D:2:      minivault_27, uniq_jessica, uniq_natasha
D:3:      serial_forest, infiniplex_forest_fountain, infiniplex_forest_end_1,
          infiniplex_forest_end_1, infiniplex_forest_clump_small,
          infiniplex_forest_clump_medium, infiniplex_forest_clump_curved,
          ecumenical_altar_1, uniq_iyjb
D:4:      first_bread, minmay_item_behind_shaft, kennysheep_generic_room_10
D:5:      lemuel_ratsnest
D:6:      lemuel_upstairs_altar, gup_sewer_entry_pipe, uniq_prince_ribbit1
D:7:      serial_shops, shop
D:8:      serial_shops, shop, grunt_pizzeria, nicolae_for_you_no_charge
D:9:      serial_shops, kennysheep_little_box, shop
D:10:     minmay_twisted_water, lair_0_dummy, special_room
Temple:   minmay_crystal_snake_temple

Skill      XL: |  1  2  3  4  5  6  7  8  9 10 |
---------------+-------------------------------+-----
Stealth        | 5 6 7 8 10 | 10.0
Hexes          | 5 6 7 8 9 10 | 10.0
Short Blades   | 2 3 4 6 7 8 |  8.7
Spellcasting   | 3 4 5 6 |  6.2
Ice Magic      | 3 5 |  5.0
Fighting       | 2 3 4 |  4.6
Necromancy     | 3 4 |  4.9
Dodging        | |  2.1

Action                   |  1- 3 |  4- 6 |  7- 9 | 10-12 || total
-------------------------+-------+-------+-------+-------++-------
Melee: Dagger            |   108 |   185 |   601 |   204 ||  1098
       Bite              |     2 |    10 |    48 |    21 ||    81
       Unarmed           |       |       |     1 |       ||     1
 Cast: Ensorcelled Hiber |     2 |    17 |    77 |    22 ||   118
       Confuse           |     1 |     4 |    29 |    10 ||    44
       Tukima's Dance    |       |       |     7 |     5 ||    12
       Corona            |       |       |     1 |     1 ||     2
       Regeneration      |       |       |       |     1 ||     1
 Abil: End Transformatio |     1 |     3 |    14 |       ||    18
       Bat Form          |     1 |     3 |    14 |       ||    18
  Use: Potion            |       |     3 |     7 |     4 ||    14
       Scroll            |       |       |     4 |     2 ||     6
 Stab: Sleeping          |     7 |    24 |    70 |    18 ||   119
       Confused          |       |     1 |     8 |     6 ||    15
       Distracted        |       |     1 |     4 |     3 ||     8
  Eat: Corpse            |       |     3 |     4 |       ||     7
Armor: Robe              |    18 |    23 |    85 |    12 ||   138
Dodge: Dodged            |    67 |    86 |   280 |    82 ||   515
